 Dungeon Crawl Stone Soup version 0.18-a0-1396-g8753ca6 (console) character file.

10311 Liam the Destroyer (level 11, -1/58 HPs)
             Began as a Deep Elf Wizard on Feb 22, 2016.
             Was a Priest of Vehumet.
             Slain by an unseen horror (2 damage)
             ... on level 10 of the Dungeon on Feb 23, 2016.
             The game lasted 01:00:14 (20462 turns).

Liam the Destroyer (Deep Elf Wizard)               Turns: 20462, Time: 01:00:15

Health: -1/58      AC:  6    Str:  4    XL:     11   Next: 34%
Magic:  7/28       EV: 12    Int: 31    God:    Vehumet [***...]
Gold:   672        SH:  0    Dex: 13    Spells: 5 memorised, 21 levels left

rFire  + . .     SeeInvis .     (no weapon)
rCold  + . .     Gourm    .     J - +2 robe {rC+ rF+}
rNeg   . . .     Faith    .     (no shield)
rPois  +         Spirit   .     b - +0 hat
rElec  .         Dismiss  .     n - +0 cloak
rCorr  .         Reflect  .     (no gloves)
SustAt .         Harm     .     u - +0 pair of boots
MR     +....                    (no amulet)
Stlth  ++........               x - +4 ring of intelligence
                                y - ring of poison resistance

@: repel missiles, somewhat resistant to hostile enchantments, unstealthy
A: no striking features
a: Renounce Religion


You were on level 10 of the Dungeon.
You worshipped Vehumet.
Vehumet was most pleased with you.
You were very hungry.

You visited 2 branches of the dungeon, and saw 11 of its levels.

You collected 672 gold pieces.

Inventory:

Hand Weapons
 w - a +0 dagger of draining
Armour
 a - a +0 robe
 b - a +0 hat (worn)
 n - a +0 cloak (worn)
 o - a +0 leather armour of cold resistance
 u - a +0 pair of boots (worn)
 J - a +2 robe of resistance (worn)
 L - a troll hide
Jewellery
 c - an uncursed ring of stealth
 r - an uncursed ring of fire
 s - an uncursed ring of protection from cold
 x - a +4 ring of intelligence (right hand)
 y - a ring of poison resistance (left hand)
Wands
 j - a wand of slowing (31/48)
 C - a wand of confusion (20/48)
 G - a wand of acid (8/15)
 H - a wand of iceblast (10/15)
 I - a wand of slowing (17/48)
Scrolls
 e - 5 scrolls of fear {unknown}
 i - 4 scrolls of recharging {unknown}
 k - 5 scrolls of identify {unknown}
 l - 6 scrolls of teleportation {unknown}
 m - 2 scrolls of random uselessness {unknown}
 v - 2 scrolls of enchant armour {unknown}
 A - 4 scrolls of remove curse {unknown}
 M - a scroll of vulnerability {unknown}
Potions
 f - 2 potions of curing
 h - a potion of flight
 p - a potion of might
 t - 2 potions of ambrosia
 z - a potion of degeneration {unknown}
 B - 2 potions of heal wounds {unknown}
 D - 2 potions of mutation {unknown}
 E - a potion of berserk rage {unknown}
 F - a potion of agility
Books
 N - a book of Geomancy

   Spells                             Type                      Level
   a - Sandblast                      Earth                        1
   b - Passwall                       Transmutation/Earth          2
   c - Stone Arrow                    Conjuration/Earth            3
   d - Petrify                        Transmutation/Earth          4
   e - Lee's Rapid Deconstruction     Earth                        5
Comestibles
 d - 8 bread rations
 g - 18 fruits


   Skills:
 + Level 2.5 Fighting
 - Level 2.4 Dodging
 - Level 2.4 Stealth
 + Level 11.1 Spellcasting
 * Level 11.6 Conjurations
 - Level 6.2 Charms
   Level 1.1 Summonings
 - Level 6.3 Translocations
 + Level 7.9 Fire Magic
 - Level 3.0 Air Magic
 - Level 4.0 Poison Magic


You had 21 spell levels left.
You knew the following spells:

 Your Spells              Type           Power        Failure   Level  Hunger
a - Magic Dart            Conj           ####         1%          1    None
b - Blink                 Tloc           N/A          1%          2    None
d - Mephitic Cloud        Conj/Pois/Air  ######..     1%          3    None
e - Conjure Flame         Conj/Fire      ######..     1%          3    None
m - Repel Missiles        Chrm/Air       #####.       1%          2    None


Dungeon Overview and Level Annotations

Branches:
Dungeon (10/15)            Temple (1/1) D:5            Lair (0/8) D:10
    Orc: D:9-12

Altars:
Ashenzari
Cheibriados
Dithmenos
Elyvilon
Fedhas
Gozag
Kikubaaqudgha
Makhleb
Nemelex Xobeh
Okawaru
Pakellas
Qazlal
Ru
Sif Muna
Trog
Vehumet
Xom
Yredelemnul
Zin
The Shining One

Shops:
D:7 =

Annotations:
D:4 Eustachio
D:6 Grinder
D:10 exclusion: oklob plant, Josephine


Message History

The magic dart hits Josephine.
Josephine is severely wounded.
Something hits you. Something hits you!
Casting: Magic Dart
Confirm with . or Enter, or press ? or * to list all spells.
Aiming: Magic Dart
Press: ? - help, Shift-Dir - straight line, f/p - Josephine
Aim: Josephine, wielding a dagger of electrocution and wearing a robe (severely wounded, confused)
The magic dart hits something.
Something hits you!
* * * LOW HITPOINT WARNING * * *
Something barely misses you.
Josephine completely misses something.
Something hits you!
* * * LOW HITPOINT WARNING * * *
Casting: Magic Dart
Confirm with . or Enter, or press ? or * to list all spells.
Aiming: Magic Dart
Press: ? - help, Shift-Dir - straight line, f/p - Josephine
Aim: Josephine, wielding a dagger of electrocution and wearing a robe (severely wounded, confused)
The magic dart hits something.
Something hits you.
You die...

####.##[##)......K.(#.....
#)##..#.#....###..#....
#.###.#.####.###§...... ##<#
#...####...#.##....
###..###.[........#.###..)
####......#............###...
#####....####.#@.................
......#### #.#..............###.
.....########...@......#..##.....
.......................#.......#.
.................####.......W...W
.........>.......####......######
........................<#.#.....
.............................####
.......#######...##..........# #.
....).## #...##..§.......# #.
......# ######§.).......###.


You could see Josephine (confused).

Vanquished Creatures
  A skeletal warrior (D:8)
  A deep elf mage (D:8)
  Psyche (D:8)
  Joseph (D:10)
  2 trolls (D:10)
  Prince Ribbit (D:7)
  2 two-headed ogres
  3 wraiths
  A wyvern (D:8)
  A yak (D:8)
  A hungry ghost (D:9)
  3 hippogriffs
  A steam dragon (D:9)
  2 ice beasts
  2 black bears
  7 sky beasts
  A necrophage (D:9)
  4 orc warriors
  An eye of draining (D:9)
  10 ogres
  5 phantoms
  6 centaurs
  3 big kobolds
  A gnoll sergeant (D:8)
  5 giant frogs
  2 howler monkeys
  4 scorpions
  2 jellies
  2 giant frog zombies (D:9)
  A centaur zombie (D:10)
  3 crimson imps
  9 hounds
  4 centaur skeletons
  2 quasits
  9 orc priests
  3 giant frog skeletons
  9 orc wizards
  Jessica (D:3)
  An iguana (D:8)
  Natasha (thrice) (D:3)
  12 worker ants
  A hound zombie (D:7)
  A hound skeleton (D:8)
  Robin (D:4)
  8 gnolls
  16 adders
  2 shadow imps
  An ooze (D:4)
  An adder zombie (D:5)
  3 adder skeletons
  3 worms
  3 dart slugs
  7 giant geckos
  32 orcs
  10 giant cockroaches
  12 goblins
  13 hobgoblins
  15 jackals
  17 kobolds
  5 quokkas
  4 ball pythons
  3 bats (D:2)
  7 giant newts
  A quokka skeleton (D:8)
  9 rats
308 creatures vanquished.

Vanquished Creatures (others)
  An orc wizard (D:9)
1 creature vanquished.

Grand Total: 309 creatures vanquished

Notes
Turn   | Place    | Note
--------------------------------------------------------------
     0 | D:1      | Liam the Deep Elf Wizard began the quest for the Orb.
     0 | D:1      | Reached XP level 1. HP: 10/10 MP: 7/7
   336 | D:1      | Reached XP level 2. HP: 9/15 MP: 1/9
   605 | D:1      | Learned a level 2 spell: Blink
   608 | D:1      | Learned a level 2 spell: Repel Missiles
   639 | D:1      | Reached skill level 5 in Spellcasting
   945 | D:1      | Reached XP level 3. HP: 19/19 MP: 8/11
  1498 | D:2      | Reached XP level 4. HP: 12/24 MP: 1/13
  1695 | D:2      | Found a shimmering altar of Xom.
  2449 | D:3      | Noticed Jessica
  2452 | D:3      | Killed Jessica
  2460 | D:3      | Learned a level 3 spell: Conjure Flame
  2464 | D:3      | Learned a level 3 spell: Mephitic Cloud
  2514 | D:3      | Reached XP level 5. HP: 23/28 MP: 9/15
  2598 | D:3      | Noticed Natasha
  2601 | D:3      | Killed Natasha
  2659 | D:3      | Noticed Natasha
  2661 | D:3      | Killed Natasha
  2661 | D:3      | Reached skill level 1 in Air Magic
  2661 | D:3      | Reached skill level 1 in Poison Magic
  2670 | D:3      | Noticed Natasha
  2673 | D:3      | Killed Natasha
  2942 | D:4      | Reached skill level 1 in Charms
  3417 | D:4      | Reached skill level 1 in Fire Magic
  3417 | D:4      | Reached XP level 6. HP: 32/32 MP: 14/17
  3447 | D:4      | Noticed Robin
  3469 | D:4      | Killed Robin
  3476 | D:5      | Entered Level 5 of the Dungeon
  4148 | D:5      | Noticed a sky beast
  4192 | D:5      | Killed a sky beast
  4192 | D:5      | Reached XP level 7. HP: 10/36 MP: 1/19
  4608 | D:5      | Found a staircase to the Ecumenical Temple.
  5184 | D:4      | Noticed Eustachio
  5571 | D:4      | Reached skill level 5 in Conjurations
  5908 | D:5      | Upgraded the game from 0.18-a0-1390-gc02854d to 0.18-a0-1396-g8753ca6
  6192 | D:5      | Reached XP level 8. HP: 35/41 MP: 12/20
  7049 | D:6      | Noticed Grinder
  7295 | D:6      | Found an oddly glowing altar of Pakellas.
  8228 | Temple   | Entered the Ecumenical Temple
  8235 | Temple   | Became a worshipper of Vehumet
  8642 | D:7      | Noticed Prince Ribbit
  8667 | D:7      | Found Zekle's Jewellery Emporium.
  8687 | D:7      | Reached skill level 5 in Charms
  8777 | D:7      | Killed Prince Ribbit
  8777 | D:7      | Reached XP level 9. HP: 45/45 MP: 9/22
 10200 | D:8      | Noticed Psyche
 10694 | D:7      | Reached * piety under Vehumet
 10694 | D:7      | Offered knowledge of Flame Tongue by Vehumet.
 10948 | D:8      | Reached skill level 5 in Translocations
 11133 | D:8      | Reached skill level 5 in Fire Magic
 11838 | D:8      | Noticed a deep elf mage
 11841 | D:8      | Reached XP level 10. HP: 50/50 MP: 7/25
 11856 | D:8      | Killed a deep elf mage
 11868 | D:8      | Noticed a skeletal warrior
 12044 | D:8      | HP: 1/50 [hound skeleton (4)]
 13484 | D:8      | Killed Psyche
 13484 | D:8      | Reached skill level 10 in Conjurations
 13622 | D:8      | Offered knowledge of Sting by Vehumet.
 13755 | D:8      | Reached skill level 10 in Spellcasting
 13907 | D:8      | Reached ** piety under Vehumet
 13981 | D:8      | Killed a skeletal warrior
 14100 | D:8      | Found a snail-covered altar of Cheibriados.
 14100 | D:8      | Found a glowing golden altar of the Shining One.
 14102 | D:8      | Found a deep blue altar of Sif Muna.
 14604 | D:8      | Found a blossoming altar of Fedhas.
 15319 | D:9      | Reached skill level 1 in Fighting
 16172 | D:9      | Offered knowledge of Ignite Poison by Vehumet.
 16286 | D:9      | Reached XP level 11. HP: 56/56 MP: 2/27
 16695 | D:10     | Entered Level 10 of the Dungeon
 17455 | D:10     | Noticed Joseph
 17777 | D:10     | Killed Joseph
 17905 | D:10     | Found a staircase to the Lair.
 17906 | D:10     | Noticed an oklob plant
 18509 | D:10     | Reached *** piety under Vehumet
 20029 | D:10     | Noticed Josephine
 20461 | D:10     | HP: 1/58 [something (12)]
 20462 | D:10     | Slain by an unseen horror

Vault maps used:
D:1:      dpeg_arrival_rooms_c, grunt_decor_arrowhead, monster_avoids_cloud
D:2:      old_standard_altar, first_bread
D:3:      uniq_jessica, uniq_natasha
D:4:      kennysheep_generic_room_9, uniq_robin, uniq_eustachio
D:5:      minmay_temple_entry_from_below_a, kennysheep_minor_cross
D:6:      grunt_pakellas_basics, uniq_grinder
D:7:      serial_shops, shop, uniq_prince_ribbit1
D:8:      hangedman_cross_cluster, gammafunk_temple_overflow_claw,
          hangedman_tree_tricks, uniq_psyche
D:10:     dpeg_oklobed_lair, uniq_joseph, uniq_josephine
Temple:   nicolae_temple_no_exploring_needed

Skill      XL: |  1  2  3  4  5  6  7  8  9 10 11 |
---------------+----------------------------------+-----
Conjurations   | 2 3 4 5 7 9 11 | 11.6
Spellcasting   | 5 6 7 9 10 11 | 11.1
Air Magic      | 1 3 |  3.0
Poison Magic   | 2 4 |  4.0
Charms         | 1 2 3 5 6 |  6.2
Fire Magic     | 1 2 4 5 7 |  7.9
Translocations | 2 4 5 6 |  6.3
Fighting       | 1 2 |  2.5
Dodging        | |  2.4
Stealth        | |  2.4
Summonings     | |  1.1

Action                   |  1- 3 |  4- 6 |  7- 9 | 10-12 || total
-------------------------+-------+-------+-------+-------++-------
Melee: Unarmed           |     1 |    17 |     8 |       ||    26
       Dagger            |       |       |       |     7 ||     7
 Cast: Magic Dart        |    96 |   180 |   516 |   778 ||  1570
       Mephitic Cloud    |       |       |    28 |    57 ||    85
       Conjure Flame     |       |       |    18 |    41 ||    59
       Blink             |       |       |     9 |    26 ||    35
       Repel Missiles    |       |       |     2 |     2 ||     4
Evoke: Wand              |       |       |       |     1 ||     1
  Use: Potion            |       |     1 |     1 |     8 ||    10
  Eat: Chunk             |     2 |     7 |    19 |    18 ||    46
       Beef jerky        |       |       |     1 |     1 ||     2
       Fruit             |       |       |     2 |     6 ||     8
       Pizza             |       |       |       |     1 ||     1
